 Dungeon Sprint DCSS version 0.24-a0-525-g9231cdc (webtiles) character file.

Game seed: 13597694026311529627

126 silentkaos13 the Charlatan (level 5, -9/42 HPs)
             Began as a Gnoll Artificer on July 31, 2019.
             Mangled by a slime creature (15 damage)
             ... in the Dungeon (Sprint I: "Red Sonja").
             The game lasted 00:01:06 (193 turns).

silentkaos13 the Charlatan (Gnoll Artificer)         Turns: 193, Time: 00:01:07

Health: -9/42      AC:  5    Str: 16    XL:     5   Next: 10%
Magic:  10/10      EV: 14    Int: 13    God:
Gold:   54         SH:  0    Dex: 15    Spells: 10/10 levels left

rFire    . . .     SeeInvis .   a - +0 short sword
rCold    . . .     Gourm    .   (no shield)
rNeg     . . .     Faith    .   m - +0 ring mail
rPois    .         Spirit   .   (no helmet)
rElec    .         Reflect  .   (no cloak)
rCorr    .         Harm     .   (no gloves)
MR       .....     NoTele   +   (no boots)
Stlth    ++........             (no amulet)
HPRegen  0.14/turn              (no ring)
MPRegen  0.12/turn              (no ring)

@: no status effects
A: distributed training, fangs 1, strong nose
a: no special abilities


You were in the Dungeon.
You were not hungry.

You visited 1 branch You collected 54 gold pieces.

Inventory:

Hand Weapons
 a - a +0 short sword (weapon)
Armour
 b - a +0 leather armour
 m - a +0 ring mail (worn)
Wands
 c - a wand of flame (15)
 d - a wand of enslavement (13)
 e - a wand of random effects (15)
Scrolls
 l - a scroll of blinking
Potions
 g - a potion of curing
 h - a potion of heal wounds
 i - a potion of haste
 j - 2 potions of magic
 k - a potion of berserk rage
Comestibles
 f - a ration


   Skills:
 + Level 4.1 Fighting
 + Level 4.1 Short Blades
 + Level 3.1 Long Blades
 + Level 3.1 Axes
 + Level 3.1 Maces & Flails
 + Level 3.1 Polearms
 + Level 3.1 Staves
 + Level 3.1 Slings
 + Level 3.1 Bows
 + Level 3.1 Crossbows
 + Level 3.1 Throwing
 + Level 3.1 Armour
 + Level 5.6 Dodging
 + Level 4.0 Stealth
 + Level 3.1 Shields
 + Level 3.1 Unarmed Combat
 + Level 3.1 Spellcasting
 + Level 2.5 Conjurations
 + Level 2.5 Hexes
 + Level 2.5 Charms
 + Level 2.5 Summonings
 + Level 2.5 Necromancy
 + Level 2.5 Translocations
 + Level 2.5 Transmutations
 + Level 2.5 Fire Magic
 + Level 2.5 Ice Magic
 + Level 2.5 Air Magic
 + Level 2.5 Earth Magic
 + Level 2.5 Poison Magic
 + Level 3.4 Invocations
 + Level 7.3 Evocations


You had 10 spell levels left.
You didn't know any spells.
Your spell library was empty.

Dungeon Overview and Level Annotations

Branches:
Dungeon (1/1)

Altars:
Makhleb
Xom
Jiyva
Lugonu


Innate Abilities, Weirdness & Mutations

Your experience applies equally to all skills.
You have very sharp teeth.
Your uncanny sense of smell can sniff out nearby items.


Message History

The slime creature hits you! The ogre closely misses you.
You barely miss the slime creature.
The slime creature is lightly wounded.
The slime creature hits you!!
* * * LOW HITPOINT WARNING * * *
You hit the slime creature but do no damage.
You bite the slime creature, but do no damage.
The slime creature is lightly wounded.
The slime creature hits you but does no damage.
You barely miss the slime creature.
The slime creature is lightly wounded.
The slime creature closely misses you.
You completely miss the slime creature.
Evoke which item? (* to show all) (? for menu, Esc to quit)
Aiming: Enslavement
Press: ? - help, Shift-Dir - straight line, f/p - ogre
Aim: an ogre, wielding a +0 giant club (lightly wounded, chance to defeat MR: 67%)
The slime creature resists with some effort.
The slime creature hits you!
You die...

################ ##
#<.#.)'..#.@JO.#__#∆∆
#..'..#..').#$$'^.+∆∆
#..#####+#####+#__#
#..# ∆∆ ∆∆∆ ∆ ##∆∆
#..# ∆∆ ∆ #..# #⌠⌠#
#### ∆∆ ∆ ∆∆∆∆


You could see a slime creature and an ogre.

Vanquished Creatures
  Sigmund (D)
  Ijyb (D)
2 creatures vanquished.

Notes
Turn   | Place    | Note
-------+----------+-------------------------------------------
     0 | D        | silentkaos13 the Gnoll Artificer began the quest for the
                  | Orb.
     0 | D        | Reached XP level 1. HP: 17/17 MP: 4/4
     1 | D        | Noticed Ijyb
    34 | D        | Killed Ijyb
    34 | D        | Reached skill level 1 in Long Blades
    34 | D        | Reached skill level 1 in Axes
    34 | D        | Reached skill level 1 in Maces & Flails
    34 | D        | Reached skill level 1 in Polearms
    34 | D        | Reached skill level 1 in Staves
    34 | D        | Reached skill level 1 in Slings
    34 | D        | Reached skill level 1 in Bows
    34 | D        | Reached skill level 1 in Crossbows
    34 | D        | Reached skill level 1 in Throwing
    34 | D        | Reached skill level 1 in Armour
    34 | D        | Reached skill level 1 in Shields
    34 | D        | Reached skill level 1 in Unarmed Combat
    34 | D        | Reached skill level 1 in Spellcasting
    34 | D        | Reached skill level 1 in Conjurations
    34 | D        | Reached skill level 1 in Hexes
    34 | D        | Reached skill level 1 in Charms
    34 | D        | Reached skill level 1 in Summonings
    34 | D        | Reached skill level 1 in Necromancy
    34 | D        | Reached skill level 1 in Translocations
    34 | D        | Reached skill level 1 in Transmutations
    34 | D        | Reached skill level 1 in Fire Magic
    34 | D        | Reached skill level 1 in Ice Magic
    34 | D        | Reached skill level 1 in Air Magic
    34 | D        | Reached skill level 1 in Earth Magic
    34 | D        | Reached skill level 1 in Poison Magic
    34 | D        | Reached skill level 1 in Invocations
    34 | D        | Reached XP level 2. HP: 15/24 MP: 6/6
   146 | D        | Noticed an ogre
   151 | D        | Noticed Sigmund
   160 | D        | Killed Sigmund
   160 | D        | Reached skill level 5 in Dodging
   160 | D        | Reached skill level 7 in Evocations
   160 | D        | Reached XP level 3. HP: 30/30 MP: 8/8
   160 | D        | Reached XP level 4. HP: 37/37 MP: 9/9
   160 | D        | Reached XP level 5. HP: 42/42 MP: 10/10
   182 | D        | Found a burning altar of Makhleb.
   182 | D        | Found a viscous altar of Jiyva.
   182 | D        | Found a shimmering altar of Xom.
   182 | D        | Found a corrupted altar of Lugonu.
   182 | D        | Noticed a slime creature
   193 | D        | Mangled by a slime creature

Levels and vault maps discovered:
D:        dungeon_sprint_1 [red_sonja_temple_1, red_sonja_temple_small_1]

Skill      XL: |  1  2 |
---------------+-------+-----
Fighting       | 3 4 |  4.1
Short Blades   | 3 4 |  4.1
Long Blades    | 1 3 |  3.1
Axes           | 1 3 |  3.1
Maces & Flails | 1 3 |  3.1
Polearms       | 1 3 |  3.1
Staves         | 1 3 |  3.1
Slings         | 1 3 |  3.1
Bows           | 1 3 |  3.1
Crossbows      | 1 3 |  3.1
Throwing       | 1 3 |  3.1
Armour         | 1 3 |  3.1
Shields        | 1 3 |  3.1
Unarmed Combat | 1 3 |  3.1
Spellcasting   | 1 3 |  3.1
Conjurations   | 1 2 |  2.5
Hexes          | 1 2 |  2.5
Charms         | 1 2 |  2.5
Summonings     | 1 2 |  2.5
Necromancy     | 1 2 |  2.5
Translocations | 1 2 |  2.5
Transmutations | 1 2 |  2.5
Fire Magic     | 1 2 |  2.5
Ice Magic      | 1 2 |  2.5
Air Magic      | 1 2 |  2.5
Earth Magic    | 1 2 |  2.5
Poison Magic   | 1 2 |  2.5
Invocations    | 1 3 |  3.4
Dodging        | 5 |  5.6
Stealth        | 4 |  4.0
Evocations     | 7 |  7.3

Action                   |  1- 3 |  4- 6 || total
-------------------------+-------+-------++-------
Melee: Short sword       |    35 |     7 ||    42
       Bite              |     4 |     1 ||     5
Evoke: Wand              |     1 |     1 ||     2
 Stab: Sleeping          |     1 |       ||     1
       Distracted        |     1 |       ||     1
Armor: Leather armour    |     2 |       ||     2
       Ring mail         |       |     1 ||     1
Dodge: Dodged            |    22 |     5 ||    27

Table legend:
 A = Non-vault XP
 B = Vault XP
 C = Vault XP percentage of total XP
 D = Non-vault monster count
 E = Vault monster count
 F = Vault count percentage of total count
                 A         B        C        D         E       F
            +---------+---------+-------+---------+---------+-------
      Total |       0 |     181 | 100.0 |       0 |       2 | 100.0
            +---------+---------+-------+---------+---------+-------
          D |       0 |     181 | 100.0 |       0 |       2 | 100.0
            +---------+---------+-------+---------+---------+-------
